 Dungeon Crawl Stone Soup version 0.28-a0-984-g3775c662fe (webtiles) character file.

Game seed: 2995669001101252134

65519 demibob the Corrupter of Planes (level 14, -4/106 HPs)
             Began as a Demonspawn Abyssal Knight on Dec 4, 2021.
             Was the Champion of Lugonu.
             Slain by a red ugly thing (11 damage)
             ... on level 14 of the Dungeon.
             The game lasted 00:45:07 (25553 turns).

demibob the Corrupter of Planes (DsAK)             Turns: 25553, Time: 00:45:09

Health: -4/106     AC: 16    Str: 15    XL:     14   Next: 75%
Magic:  0/26       EV: 10    Int: 13    God:    Lugonu [******]
Gold:   1381       SH:  0    Dex: 14    Spells: 13/13 levels left

rFire   . . .      SeeInvis .   a - +2 trident (venom)
rCold   . . .      Faith    .   (no shield)
rNeg    . . .      Spirit   +   x - +1 chain mail {rPois}
rPois   +          Reflect  .   d - +0 helmet
rElec   .          Harm     .   (cloak unavailable)
rCorr   .          Rampage  .   K - +1 pair of gloves {hurl}
Will    +....                   (boots unavailable)
Stlth   ..........              s - amulet of guardian spirit
HPRegen 0.27/turn               Y - +4 ring of slaying
MPRegen 0.20/turn               (no ring)

@: no status effects
A: hooves 3, powered by death 2, demonic magic 1, weakness stinger 3, clumsy 1,
subdued magic 1
a: Renounce Religion, Depart the Abyss, Bend Space, Banish, Corrupt, Enter the
Abyss, Brand Weapon With Distortion


You were on level 14 of the Dungeon.
You worshipped Lugonu.
Lugonu was exalted by your worship.
You visited 2 branches of the dungeon, and saw 21 of its levels.
You visited the Abyss 3 times.
You also visited: Ossuary and Gauntlet.

You collected 1381 gold pieces.


Innate Abilities, Weirdness & Mutations

You have hooves in place of feet.
You regenerate health from kills.
Spells you cast may paralyse adjacent enemies.
You have a sharp stinger which inflicts weakening toxins.
You are clumsy. (Dex -2)
Your spells are a little easier to cast, but a little less powerful.


   Skills:
 + Level 8.8 Fighting
 - Level 14.0 Polearms
 - Level 10.7 Armour
 - Level 9.3 Dodging
 + Level 17.9 Invocations


You had 13 spell levels left.
You didn't know any spells.
Your spell library contained the following spells:

 Spells                   Type           Power      Damage    Failure   Level
 Animate Skeleton         Necr           0%         N/A       98%         1
 Apportation              Tloc           0%         N/A       98%         1
 Foxfire                  Conj/Fire      0%         2x1d4     98%         1
 Shock                    Conj/Air       0%         1d3       98%         1
 Slow                     Hex            0%         N/A       98%         1
 Sting                    Tmut/Pois      0%         1d3       98%         1
 Summon Small Mammal      Summ           0%         N/A       98%         1
 Blink                    Tloc           0%         N/A       99%         2
 Corpse Rot               Necr/Air       0%         N/A       99%         2
 Ensorcelled Hibernation  Hex/Ice        0%         N/A       99%         2
 Poisonous Vapours        Pois/Air       0%         N/A       99%         2
 Sublimation of Blood     Necr           0%         N/A       99%         2
 Confusing Touch          Hex            0%         N/A       100%        3
 Conjure Flame            Conj/Fire      0%         6-21      100%        3
 Inner Flame              Hex/Fire       0%         N/A       100%        3
 Lesser Beckoning         Tloc           0%         N/A       100%        3
 Portal Projectile        Hex/Tloc       0%         N/A       100%        3
 Summon Guardian Golem    Hex/Summ       0%         N/A       100%        3
 Swiftness                Air            0%         N/A       100%        3
 Airstrike                Air            0%         N/A       100%        4
 Animate Dead             Necr           0%         N/A       100%        4
 Dispel Undead            Necr           0%         3d6       100%        4
 Flame Wave               Conj/Fire      0%         2d4       100%        4
 Fulminant Prism          Conj/Hex       0%         3d6       100%        4
 Hailstorm                Conj/Ice       0%         3d3       100%        4
 Iskenderun's Mystic Bla  Conj/Tloc      0%         2d3       100%        4
 Olgreb's Toxic Radiance  Pois           0%         N/A       100%        4
 Petrify                  Tmut/Erth      0%         N/A       100%        4
 Alistair's Intoxication  Tmut/Pois      0%         N/A       100%        5
 Borgnjor's Vile Clutch   Necr/Erth      0%         N/A       100%        5
 Irradiate                Conj/Tmut      0%         3d14      100%        5
 Lee's Rapid Deconstruct  Erth           0%         3d5*      100%        5
 Manifold Assault         Tloc           0%         N/A       100%        5
 Yara's Violent Unravell  Hex/Tmut       0%         3d3       100%        5
 Death Channel            Necr           0%         N/A       100%        6
 Dispersal                Tloc           0%         N/A       100%        6
 Eringya's Noxious Bog    Tmut/Pois      0%         N/A       100%        6
 Malign Gateway           Summ/Tloc      0%         N/A       100%        7
 Orb of Destruction       Conj           0%         N/A       100%        7
 Spellforged Servitor     Conj/Summ      0%         N/A       100%        7
 Storm Form               Tmut/Air       0%         N/A       100%        7
 Disjunction              Tloc           0%         N/A       100%        8

Inventory:

Hand Weapons
 a - a +2 trident of venom (weapon)
 A - a +2 spear of protection
Missiles
 v - 2 throwing nets {=f}
Armour
 c - +1 ice dragon scales
 d - a +0 helmet (worn)
 h - the +3 scale mail of the Iron Devil {rF+ Str+8}
   (You took it off a minotaur in a Gauntlet)

   Str:       It affects your strength (+8).
   rF:        It protects you from fire.
 j - the +3 hat of Pondering {ponderous, Will+ MP+10 Int+5}
   (You took it off Gastronok on level 1 of the Lair of Beasts)

   Int:       It affects your intelligence (+5).
   MP:        It affects your magic capacity (+10).
   Will:      It increases your willpower.
 x - a +1 chain mail of poison resistance (worn)
 z - a +2 kite shield of resistance
 K - a +1 pair of gloves of hurling (worn)
 L - a +1 kite shield of poison resistance
Jewellery
 s - an amulet of guardian spirit (around neck)
 C - a ring of ice
 M - a ring of magical power
 N - a ring of positive energy
 P - an amulet of faith {!P}
 R - a ring of resist corrosion
 Y - a +4 ring of slaying (left hand)
 Z - a ring of wizardry
Wands
 k - a wand of flame (18)
 n - a wand of polymorph (13)
 u - a wand of iceblast (27)
 D - a wand of digging (3)
 J - a wand of charming (4)
 O - a wand of paralysis (8)
Scrolls
 b - a scroll of enchant weapon
 m - a scroll of fear
 q - 3 scrolls of enchant armour
 r - a scroll of silence {!r}
 t - 7 scrolls of teleportation {@r2}
 w - 4 scrolls of magic mapping
 y - 7 scrolls of identify {@r1}
 B - a scroll of brand weapon
 E - a scroll of fog
Potions
 e - 6 potions of curing {@q1}
 f - 2 potions of cancellation
 g - 5 potions of flight
 i - 3 potions of attraction
 l - 3 potions of mutation
 o - a potion of magic
 p - 3 potions of brilliance
 F - 4 potions of ambrosia
 G - a potion of resistance
 H - 3 potions of invisibility
Miscellaneous
 I - a phantom mirror

Dungeon Overview and Level Annotations

Branches:
Dungeon (15/15)              Lair (6/6) D:9          Shoals (0/4) Lair:2
 Spider (0/4) Lair:2          Orc (0/2) D:11         Vaults (0/5) D:14
Ossuary (visited)         Gauntlet (visited)
 Temple: D:4-7        Slime: Lair:5-6    Depths: D:15

Altars:
Nemelex Xobeh

Shops:
D:9 =

Portals:
Trove: D:10 (show slimy rune of Zot)

Annotations:
Lair:5 corrupted
Abyss:1 Blork the orc

#.#..#### #..............#
##'#.#### #########'####..##
#.......# #...........###...
#####.#.#.#.# #...........'.###.
#...'.#.#.#.# #...............#.
..#####.#.#.# #..........≈)##...
.## #...#.#.####.........≈≈.####.
.# #.#####.'.##.........≈≈.# #.
## #...#...#..'@.........≈≈# #.
#.#.#.######u.........P.# #.
#.#....▒▒▒▒▒...#####....# #.
######'▒...▒...#.'.###### ## #
#.[.▒...▒[..#.#.# #
###'##▒...▒...#.#.### #### ####
#.....▒.∩.[...#.#...# #... '..#
###.##▒...▒...###'#.### #...
##.###.....▒...▒...#...#...###...


You could see a red ugly thing (very poisoned).


Message History

The brown ugly thing closely misses you.
You see here an amulet of the acrobat.
The brown ugly thing basks in the mutagenic energy from its kin and changes! x2
You see here a +0 scale mail.
The red ugly thing basks in the mutagenic energy from its kin and changes!
There is a stone staircase leading up here.
You climb upwards.
There is a stone staircase leading down here.
You closely miss the red ugly thing. Your kick misses the red ugly thing.
The red ugly thing is moderately wounded.
The red ugly thing trunk-slaps you!
* * * LOW HITPOINT WARNING * * *
You are engulfed in flames!
* * * LOW HITPOINT WARNING * * *
You hit the red ugly thing but do no damage.
The red ugly thing looks even sicker.
The red ugly thing is moderately wounded.
The red ugly thing trunk-slaps you!
* * * LOW HITPOINT WARNING * * *
You are engulfed in flames!
* * * LOW HITPOINT WARNING * * *
Okay, then.
Okay, then.
Your magical effects are unravelling.
You feel magically purged.
You are no longer corroded.
The red ugly thing trunk-slaps you!
* * * LOW HITPOINT WARNING * * *
You are engulfed in flames!
You die...

Skill      XL: |  1  2  3  4  5  6  7  8  9 10 11 12 13 14 |
---------------+-------------------------------------------+-----
Polearms       | 2 3 4 5 7 9 11 12 14 | 14.0
Invocations    | 3 4 5 6 7 9 10 12 15 17 | 17.9
Armour         | 3 6 9 10 | 10.7
Dodging        | 5 9 |  9.3
Fighting       | 5 8 |  8.8

Action                   |  1- 3 |  4- 6 |  7- 9 | 10-12 | 13-15 || total
-------------------------+-------+-------+-------+-------+-------++-------
Melee: Spear             |   166 |   129 |   625 |   123 |       ||  1043
       Tailslap          |       |       |    83 |   122 |   134 ||   339
       Trident           |       |       |       |   727 |   976 ||  1703
       Kick              |       |       |       |       |   143 ||   143
Invok: Depart the Abyss  |     1 |       |       |       |     2 ||     3
       Banish            |       |       |     1 |       |       ||     1
       Corrupt           |       |       |       |       |     1 ||     1
Evoke: Wand              |       |       |     3 |    14 |     2 ||    19
       Phantom mirror    |       |       |       |       |     1 ||     1
  Use: Scroll            |     2 |     7 |    12 |    10 |     6 ||    37
       Potion            |       |       |     1 |    11 |     7 ||    19
 Stab: Sleeping          |     1 |     1 |     1 |       |       ||     3
       Distracted        |       |       |       |     1 |     1 ||     2
Armor: Leather armour    |    63 |    45 |   104 |       |       ||   212
       Chain mail        |       |       |    48 |   347 |   448 ||   843
Dodge: Dodged            |    98 |    55 |   157 |   162 |   295 ||   767

Levels and vault maps discovered:
D:1:      dpeg_arrival_rhombus, layout_basic, basic_ecumenical_altar,
          minivault_25, minmay_misc_feat_x
D:2:      layout_basic
D:3:      layout_basic, mainiacjoe_overflow_brackets
D:4:      nicolae_cairo_tiling_very_big, layout_basic, lemuel_temple_firewalk_b,
          grunt_ministairs_15, st_stairs_7, uniq_ijyb, uniq_menkaure
D:5:      layout_loops_ring, nicolae_ossuary_entry_giza
D:6:      layout_basic, st_stairs_13, uniq_blork_the_orc, uniq_eustachio
D:7:      layout_basic
D:8:      layout_basic
D:9:      minmay_the_grid_square_5x5_3x3
          [minmay_the_grid_square_5x5_three_walls,
          minmay_the_grid_square_5x5_dogpile,
          minmay_the_grid_square_5x5_three_small,
          minmay_the_grid_square_5x5_doubleslash,
          minmay_the_grid_square_5x5_megaprize_hollow,
          minmay_the_grid_square_5x5_forky, minmay_the_grid_square_5x5_shuriken,
          minmay_the_grid_square_5x5_fancy_junction,
          minmay_the_grid_square_5x5_half_checkered], layout_basic,
          dpeg_oklobed_lair, serial_shops, nicolae_lakefront_shop
D:10:     kb_forest_paths, layout_irregular_city, nicolae_trove_entry_columns
D:11:     layout_irregular_city, erik_orc_2
D:12:     layout_layer_cave
D:13:     layout_irregular_city, minmay_misc_feat_tiny
D:14:     layout_roguey, david_vaults_1, serial_glass, glass_columns_a,
          glass_columns_c, glass_columns_c, glass_columns_b, glass_columns_a,
          glass_columns_a, glass_columns_a, glass_columns_a, glass_columns_b,
          glass_columns_c, serial_bayou_pond_e, st_stairs_12
D:15:     grunt_enter_depths_magical_seal, layout_basic,
          hangedman_decor_slide_cut
Lair:1:   beast_lair_carwin_large_1, layout_cave_pods, fungi_pond_lemuel,
          chequers_serial_rivers_micro_e, uniq_erica, uniq_gastronok
Lair:2:   layout_gridlike, minmay_shoals_entry_beasts,
          nicolae_spider_entry_orb_guardian, hangedman_lair_unloving_vines
Lair:3:   layout_cave_pods, special_room [special_room_bee], uniq_nergalle
Lair:4:   layout_layer_cave, gauntlet_entry_generic, serial_bayou_shore_b,
          infiniplex_staircase_pool_2, grunt_megastairs_3
Lair:5:   layout_regular_city, grunt_forest_small_clearing_treed, uniq_rupert
Lair:6:   gammafunk_lair_ancient_temple, layout_loops_ring, slime_altar_2,
          chequers_serial_rivers_micro_d, serial_bayou_pond_b,
          nicolae_lair_grove_arrangements

Notes
Turn   | Place    | Note
-------+----------+-------------------------------------------
     0 | Abyss:1  | demibob the Demonspawn Abyssal Knight began the quest for
                  | the Orb.
     0 | Abyss:1  | Reached XP level 1. HP: 18/18 MP: 2/2
     1 | Abyss:1  | Found a corrupted altar of Lugonu.
    77 | Abyss:1  | Noticed a large abomination
    79 | D:1      | You pass through the gate.
    79 | D:1      | Escaped the Abyss
   277 | D:1      | Found a faded altar of an unknown god.
   317 | D:1      | Reached skill level 2 in Polearms
   320 | D:1      | Reached * piety under Lugonu
   383 | D:1      | Reached skill level 3 in Invocations
   383 | D:1      | Gained mutation: Spells you cast may paralyse adjacent
                  | enemies. [demonic ancestry]
   383 | D:1      | Reached XP level 2. HP: 23/24 MP: 2/4
  1219 | D:2      | Reached XP level 3. HP: 27/29 MP: 5/5
  1461 | D:2      | Reached skill level 3 in Polearms
  1501 | D:2      | Reached ** piety under Lugonu
  1607 | D:2      | Reached XP level 4. HP: 35/35 MP: 6/6
  1952 | D:3      | Reached skill level 4 in Invocations
  2082 | D:3      | Found a sparkling altar of Nemelex Xobeh.
  2439 | D:4      | Reached skill level 4 in Polearms
  2439 | D:4      | Reached XP level 5. HP: 19/41 MP: 8/8
  2613 | D:4      | Noticed a sky beast
  2624 | D:4      | Killed a sky beast
  2625 | D:4      | Reached skill level 5 in Invocations
  2625 | D:4      | Gained mutation: You regenerate a little health from kills.
                  | [demonic ancestry]
  2625 | D:4      | Reached XP level 6. HP: 20/47 MP: 9/9
  2676 | D:4      | Reached skill level 5 in Polearms
  2874 | D:4      | Noticed Menkaure
  2890 | D:4      | Killed Menkaure
  2891 | D:4      | Reached skill level 6 in Invocations
  3160 | D:4      | You feel monstrous as your demonic heritage exerts itself.
  3160 | D:4      | Discovered your monstrous ancestry.
  3160 | D:4      | Gained mutation: You have a small tail. [demonic ancestry]
  3160 | D:4      | Reached XP level 7. HP: 45/52 MP: 11/11
  3162 | D:4      | Reached skill level 6 in Polearms
  3253 | D:4      | Noticed Ijyb
  3267 | D:4      | Killed Ijyb
  3372 | D:4      | You fall into a shaft and drop 1 floor!
  3372 | D:5      | Entered Level 5 of the Dungeon
  3784 | D:5      | Reached skill level 7 in Invocations
  3902 | D:5      | Reached skill level 7 in Polearms
  4006 | D:5      | Found a sand-covered staircase.
  4019 | Ossuary  | Entered an ossuary
  4039 | Ossuary  | Reached *** piety under Lugonu
  4061 | Ossuary  | Reached XP level 8. HP: 50/58 MP: 13/13
  4355 | Ossuary  | Reached skill level 8 in Invocations
  4701 | D:5      | Reached skill level 8 in Polearms
  5059 | D:6      | Reached **** piety under Lugonu
  5186 | D:6      | Reached skill level 9 in Invocations
  5448 | D:6      | Noticed Blork the orc
  5453 | D:6      | Banished Blork the orc
  5555 | D:6      | Noticed Eustachio
  5569 | D:6      | Killed Eustachio
  5570 | D:6      | Reached skill level 9 in Polearms
  5570 | D:6      | Gained mutation: You have large cloven feet. [demonic
                  | ancestry]
  5570 | D:6      | Reached XP level 9. HP: 58/63 MP: 14/16
  6642 | D:7      | Reached skill level 10 in Invocations
  6823 | D:7      | Reached skill level 2 in Armour
  7104 | D:7      | Reached skill level 10 in Polearms
  7358 | D:8      | Reached skill level 3 in Armour
  7460 | D:8      | Reached ***** piety under Lugonu
  7484 | D:8      | Reached skill level 11 in Polearms
  7484 | D:8      | Gained mutation: You regenerate health from kills. [demonic
                  | ancestry]
  7484 | D:8      | Reached XP level 10. HP: 36/70 MP: 9/17
  7491 | D:8      | Reached skill level 4 in Armour
  7746 | D:8      | Identified the +8 dagger of Perfectionism {venom, rF+
                  | Dex+5}
  7999 | D:9      | Noticed a two-headed ogre
  8008 | D:9      | Killed a two-headed ogre
  8132 | D:9      | Paralysed by a hornet for 2 turns
  8141 | D:9      | Paralysed by a hornet for 2 turns
  8147 | D:9      | Reached skill level 5 in Armour
  8185 | D:9      | Reached skill level 12 in Polearms
  8443 | D:9      | Found a staircase to the Lair.
  8491 | D:9      | Reached skill level 6 in Armour
  9311 | D:9      | Found Soanagurph's Jewellery Boutique.
  9342 | D:10     | Entered Level 10 of the Dungeon
  9560 | D:10     | Gained mutation: You have hoof-like feet. [demonic
                  | ancestry]
  9560 | D:10     | Reached XP level 11. HP: 74/75 MP: 14/18
  9709 | D:10     | Found a portal to a secret trove of treasure.
  9754 | D:10     | Reached skill level 7 in Armour
  9978 | D:10     | Noticed a two-headed ogre
  9993 | D:10     | Killed a two-headed ogre
  9997 | D:10     | Reached skill level 13 in Polearms
 10418 | D:10     | Reached skill level 8 in Armour
 11316 | Lair:1   | Entered Level 1 of the Lair of Beasts
 11328 | Lair:1   | Noticed a six-headed hydra
 11337 | Lair:1   | Killed a six-headed hydra
 11598 | Lair:1   | Noticed Erica
 11623 | Lair:1   | Killed Erica
 11624 | Lair:1   | Reached skill level 9 in Armour
 11691 | Lair:1   | Noticed an eight-headed hydra
 11700 | Lair:1   | Killed an eight-headed hydra
 12160 | Lair:1   | Noticed Gastronok
 12187 | Lair:1   | Killed Gastronok
 12188 | Lair:1   | Reached skill level 14 in Polearms
 12188 | Lair:1   | Gained mutation: You have a tail ending in a sharp stinger.
                  | [demonic ancestry]
 12188 | Lair:1   | Reached XP level 12. HP: 32/81 MP: 2/19
 12537 | Lair:1   | Reached skill level 10 in Armour
 12988 | Lair:2   | HP: 7/81 [komodo dragon (16)]
 13371 | Lair:2   | Reached ****** piety under Lugonu
 13506 | Lair:2   | Reached skill level 1 in Dodging
 13537 | Lair:2   | Reached skill level 2 in Dodging
 13603 | Lair:2   | Reached skill level 3 in Dodging
 13655 | Lair:2   | Reached skill level 11 in Invocations
 13705 | Lair:2   | Found a staircase to the Shoals.
 13910 | Lair:2   | Found a hole to the Spider Nest.
 13927 | Lair:2   | Reached skill level 4 in Dodging
 14532 | Lair:3   | Identified a +2 robe of the Archmagi
 14532 | Lair:3   | Noticed Nergalle
 14560 | Lair:3   | Killed Nergalle
 14561 | Lair:3   | Reached skill level 12 in Invocations
 14706 | Lair:3   | Reached skill level 5 in Dodging
 15034 | Lair:3   | Gained mutation: You have a sharp stinger which inflicts
                  | weakening toxins. [demonic ancestry]
 15034 | Lair:3   | Reached XP level 13. HP: 82/86 MP: 20/22
 15139 | Lair:3   | Reached skill level 6 in Dodging
 15139 | Lair:3   | Reached skill level 13 in Invocations
 16081 | Lair:4   | Found a gate leading to a gauntlet.
 16089 | Lair:4   | Reached skill level 7 in Dodging
 16104 | Lair:4   | Reached skill level 14 in Invocations
 16172 | Gauntlet | Entered a Gauntlet
 16172 | Gauntlet | Found a transporter.
 16172 | Gauntlet | Found a transporter.
 16173 | Gauntlet | Noticed a cacodemon
 16232 | Gauntlet | Found a transporter.
 16232 | Gauntlet | Found a transporter.
 16235 | Gauntlet | Found a transporter.
 16246 | Gauntlet | Found a transporter.
 16252 | Gauntlet | Found a transporter.
 16254 | Gauntlet | Found a transporter.
 16267 | Gauntlet | Found a transporter.
 16289 | Gauntlet | Found a transporter.
 16314 | Gauntlet | Found a transporter.
 16383 | Gauntlet | Found a transporter.
 16407 | Gauntlet | Identified the +10 war axe of the Hawk {elec, Drain
                  | Will+++}
 16407 | Gauntlet | Identified the +3 scale mail of the Iron Devil {rF+ Str+8}
 16407 | Gauntlet | Identified a +2 kite shield of resistance
 16407 | Gauntlet | Noticed a minotaur
 16468 | Gauntlet | Gained mutation: Your spells are a little easier to cast,
                  | but a little less powerful. [a neqoxec]
 16471 | Gauntlet | Gained mutation: You are clumsy. (Dex -2) [a neqoxec]
 16483 | Gauntlet | You are cast into the Abyss!
 16483 | Gauntlet | Cast into level 2 of the Abyss (a wizard)
 16484 | Gauntlet | You pass through the gate.
 16484 | Gauntlet | Escaped the Abyss
 16493 | Gauntlet | Identified the ring "Nagobi" {rC+ EV+4 Str+7 Slay-5}
 16539 | Gauntlet | Killed a minotaur
 16540 | Gauntlet | Reached skill level 8 in Dodging
 16555 | Gauntlet | Got the Volume of Translocation
 16760 | Gauntlet | Got Rufetur's Almanac of the Glacier
 16767 | Gauntlet | Identified the +9 dagger "Z" {vorpal, rF- rC+ Int+5 Dex+2
                  | Stlth+}
 16978 | Lair:4   | Reached skill level 15 in Invocations
 17665 | Lair:4   | You fall into a shaft and drop 1 floor!
 17725 | Lair:5   | Noticed Rupert
 17733 | Lair:5   | Corrupted Lair:5
 17733 | Lair:5   | Noticed a starcursed mass
 17733 | Lair:5   | Noticed a green death
 17736 | Lair:5   | Paralysed by Rupert for 3 turns
 17737 | Lair:5   | Noticed a deep elf sorcerer
 17739 | Lair:5   | Noticed a tentacled starspawn
 17740 | Lair:5   | Noticed a blizzard demon
 17742 | Lair:5   | Killed Rupert
 17743 | Lair:5   | Reached skill level 4 in Fighting
 19057 | Lair:6   | Entered Level 6 of the Lair of Beasts
 19134 | Lair:6   | Identified a potion of resistance
 19322 | Lair:6   | Noticed a dire elephant
 19772 | Lair:5   | Killed a dire elephant
 19773 | Lair:5   | Reached skill level 5 in Fighting
 19773 | Lair:5   | Reached skill level 9 in Dodging
 20220 | D:11     | Gained mutation: You have hooves in place of feet. [demonic
                  | ancestry]
 20220 | D:11     | Reached XP level 14. HP: 92/98 MP: 21/25
 20738 | D:11     | Found a staircase to the Orcish Mines.
 21067 | D:12     | Reached skill level 16 in Invocations
 21558 | D:12     | Reached skill level 6 in Fighting
 23246 | D:13     | Reached skill level 7 in Fighting
 24323 | D:14     | Reached skill level 17 in Invocations
 24883 | D:14     | You are cast into the Abyss!
 24883 | D:14     | Cast into level 2 of the Abyss (a wizard)
 24884 | D:14     | You pass through the gate.
 24884 | D:14     | Escaped the Abyss
 24885 | D:14     | Found a gate to the Vaults.
 24927 | D:14     | Reached skill level 8 in Fighting
 25451 | D:15     | Entered Level 15 of the Dungeon
 25553 | D:14     | HP: 7/106 [red ugly thing (7)]
 25553 | D:14     | Slain by a red ugly thing

Vanquished Creatures
  Gastronok (Lair:1)
  A minotaur (Gauntlet)
  2 hydras (Lair:1)
  3 boulder beetles
  Erica (Lair:1)
  A catoblepas (Lair:4)
  5 centaur warriors
  8 two-headed ogres
  A tengu warrior (D:14)
  Nergalle (Lair:3)
  A deep elf knight (D:14)
  3 wizards
  An orb spider (Lair:2)
  11 ugly things
  A deep elf pyromancer (D:12)
  5 cyclopes
  11 elephants
  4 manticores
  4 black mambas
  2 unseen horrors
  A gargoyle (D:12)
  A rime drake (Lair:5)
  15 cane toads
  A kobold demonologist (D:11)
  2 trolls
  2 efreet (D:13)
  7 komodo dragons
  A queen bee (Lair:3)
  2 hornets
  3 polar bears
  A wind drake (Lair:2)
  A meliai zombie (D:11)
  14 blink frogs
  A centaur simulacrum (D:14)
  7 spriggans (D:10)
  8 wyverns
  37 yaks
  2 vampires
  A water elemental (D:11)
  A shadow (D:6)
  A neqoxec (Gauntlet)
  Eustachio (D:6)
  4 steam dragons
  13 vampire mosquitoes
  4 basilisks
  Menkaure (D:4)
  17 water moccasins
  A naga (shapeshifter) (D:15)
  2 acid dragons
  A hornet zombie (D:4)
  2 sky beasts
  A black bear (D:4)
  13 orc warriors
  An ice beast (D:5)
  5 necrophages
  12 wolves
  An ogre (D:5)
  15 centaurs
  An elf zombie (Ossuary)
  11 bullfrogs
  A kobold brigand (D:9)
  2 wyvern zombies
  A wyvern skeleton (D:5)
  A water moccasin skeleton (D:7)
  23 killer bees
  4 electric eels
  9 howler monkeys
  2 human zombies (Ossuary)
  6 centaur zombies
  5 hounds
  A jelly (D:5)
  A bullfrog skeleton (D:6)
  A gnoll shaman (D:7)
  13 orc priests
  An iguana (D:7)
  Ijyb (D:4)
  15 orc wizards
  A hound zombie (Ossuary)
  4 mummies
  3 gnolls (D:7)
  3 howler monkey zombies
  8 adders
  A white imp (Gauntlet)
  5 ufetubi
  7 adder zombies (Ossuary)
  An adder skeleton (D:4)
  A worm (D:2)
  4 dart slugs
  46 orcs
  3 bats (D:1)
  8 endoplasms
  5 giant cockroaches
  A gnoll zombie (Ossuary)
  8 hobgoblins
  5 jackals (D:2)
  12 kobolds
  2 quokkas
  5 ball pythons
  5 frilled lizards
  7 goblins
  7 goblin zombies
  2 hobgoblin zombies (Ossuary)
  3 jackal zombies (Ossuary)
  3 kobold zombies (Ossuary)
  3 orc zombies (Ossuary)
  A quokka zombie (Ossuary)
  4 rats
  4 rat zombies (Ossuary)
541 creatures vanquished.

Vanquished Creatures (collateral kills)
  A dire elephant (Lair:5)
  A komodo dragon (Lair:2)
2 creatures vanquished.

Vanquished Creatures (others)
  Rupert (Lair:5)
  A black mamba (Lair:5)
  A komodo dragon (Lair:5)
  5 blink frogs (Lair:5)
  A basilisk (Lair:5)
  A bullfrog (Lair:5)
  2 bushes
  35 fungi
  95 plants
142 creatures vanquished.

Grand Total: 685 creatures vanquished

Table legend: (Time is in decaauts)
 A = Elapsed time spent in this place.
 B = Non-inter-level travel time spent in this place.
 C = Inter-level travel time spent in this place.
 D = Time resting spent in this place.
 E = Time spent auto-exploring this place.
 F = Levels seen in this place.
 G = Mean time per level.
                   A        B        C        D        E       F      G
               +--------+--------+--------+--------+--------+-----+--------+
         Total |  24622 |  23859 |    763 |   2770 |  16959 |  26 |  947.0 |
       Dungeon |  15798 |  15289 |    509 |   1327 |  11395 |  15 | 1053.2 |
          Lair |   7862 |   7608 |    254 |   1428 |   4991 |   6 | 1310.3 |
         Abyss |     80 |     80 |      0 |      0 |     74 |   3 |   26.7 |
       Ossuary |    301 |    301 |      0 |      0 |     92 |   1 |  301.0 |
      Gauntlet |    579 |    579 |      0 |     14 |    407 |   1 |  579.0 |
               +--------+--------+--------+--------+--------+-----+--------+

Top non-repeatable levels by time:
    D:13: 1837 daAuts
  Lair:4: 1637 daAuts
  Lair:1: 1618 daAuts
    D:12: 1551 daAuts
  Lair:3: 1548 daAuts
    D:10: 1471 daAuts
  Lair:5: 1394 daAuts
  Lair:2: 1386 daAuts
     D:9: 1359 daAuts
     D:5: 1297 daAuts
    D:11: 1238 daAuts
     D:1: 1115 daAuts
     D:7: 1061 daAuts
     D:4: 986 daAuts
     D:6: 958 daAuts

Table legend:
 A = Non-vault XP
 B = Vault XP
 C = Vault XP percentage of total XP
 D = Non-vault monster count
 E = Vault monster count
 F = Vault count percentage of total count
                 A         B        C        D         E       F
            +---------+---------+-------+---------+---------+-------
      Total |   68125 |   25474 |  27.2 |     383 |     164 |  30.0
            +---------+---------+-------+---------+---------+-------
        D:1 |      33 |       0 |   0.0 |      21 |       0 |   0.0
        D:2 |      78 |       0 |   0.0 |      30 |       0 |   0.0
        D:3 |      34 |       0 |   0.0 |      11 |       0 |   0.0
        D:4 |     405 |     354 |  46.6 |      10 |       5 |  33.3
        D:5 |     916 |      20 |   2.1 |      18 |       3 |  14.3
        D:6 |     542 |     331 |  37.9 |      10 |       3 |  23.1
        D:7 |    1003 |       0 |   0.0 |      25 |       0 |   0.0
        D:8 |    2187 |       0 |   0.0 |      28 |       0 |   0.0
        D:9 |    1473 |    2443 |  62.4 |      17 |      19 |  52.8
       D:10 |    1331 |    3889 |  74.5 |      13 |      17 |  56.7
       D:11 |    5183 |     812 |  13.5 |      30 |      21 |  41.2
       D:12 |    5940 |       0 |   0.0 |      21 |       0 |   0.0
       D:13 |    5715 |     177 |   3.0 |      13 |       1 |   7.1
       D:14 |    8718 |    3108 |  26.3 |      15 |       5 |  25.0
       D:15 |    1872 |       0 |   0.0 |       4 |       0 |   0.0
     Lair:1 |    3631 |    3245 |  47.2 |      12 |      10 |  45.5
     Lair:2 |    5747 |    1328 |  18.8 |      26 |       3 |  10.3
     Lair:3 |    8954 |    2241 |  20.0 |      30 |      21 |  41.2
     Lair:4 |   11627 |     391 |   3.3 |      38 |       2 |   5.0
     Lair:5 |     909 |    1709 |  65.3 |       6 |       3 |  33.3
     Lair:6 |    1827 |    3185 |  63.5 |       5 |       9 |  64.3
    Ossuary |       0 |     412 | 100.0 |       0 |      38 | 100.0
   Gauntlet |       0 |    1829 | 100.0 |       0 |       4 | 100.0
            +---------+---------+-------+---------+---------+-------
